 Dungeon Crawl Stone Soup version 0.21-a0-95-g06f091e (webtiles) character file.

197 Kias the Vexing (level 5, -1/24 HPs)
             Began as a Spriggan Enchanter on July 5, 2017.
             Killed by divine providence
             ... invoked by an orc priest
              (15 damage)
             ... on level 3 of the Dungeon.
             The game lasted 00:08:09 (5222 turns).

Kias the Vexing (Spriggan Enchanter)                Turns: 5222, Time: 00:08:10

Health: -1/24      AC:  2    Str:  4    XL:     5   Next: 46%
Magic:  8/13       EV: 18    Int: 17    God:
Gold:   178        SH:  0    Dex: 17    Spells: 2/14 levels left

rFire    . . .     SeeInvis +   g - +0 dagger (drain)
rCold    + . .     Gourm    .   (shield restricted)
rNeg     . . .     Faith    .   b - +0 robe
rPois    .         Spirit   .   (helmet restricted)
rElec    .         Reflect  .   (no cloak)
rCorr    .         Harm     .   (gloves unavailable)
MR       .....                  (boots unavailable)
Stlth    ++........             n - amulet of regeneration
HPRegen  0.48/turn              j - ring of loudness (curse)
MPRegen  0.13/turn              (no ring)

@: very slightly contaminated, very quick
A: unfitting armour, talons 1, see invisible, cold resistance 1, herbivore 3,
speed 3, slow metabolism 2, wild magic 1
a: no special abilities


You were on level 3 of the Dungeon.
You were not hungry.

You visited 1 branch of the dungeon, and saw 3 of its levels.

You collected 178 gold pieces.

Inventory:

Hand Weapons
 a - a +1 dagger
 g - a +0 dagger of draining (weapon)
Armour
 b - a +0 robe (worn)
Jewellery
 j - a cursed ring of loudness (left hand)
 n - an amulet of regeneration (around neck)
Potions
 e - a potion of might
 f - a potion of heal wounds
 h - a potion of haste
 i - a potion of lignification
 k - a potion of resistance {unknown}
 l - a potion of brilliance {unknown}
Books
 c - a book of Maledictions

   Spells                             Type                      Level
   a - Corona                         Hexes                        1
   b - Ensorcelled Hibernation        Hexes/Ice                    2
   c - Confuse                        Hexes                        3
   d - Tukima's Dance                 Hexes                        3
   e - Dazzling Spray                 Conjuration/Hexes            3
Comestibles
 d - a bread ration


   Skills:
 - Level 1.1 Short Blades
 - Level 3.0 Dodging
 - Level 4.4 Stealth
 + Level 5.4 Spellcasting
 + Level 5.7 Hexes


You had 2 spell levels left.
You knew the following spells:

 Your Spells              Type           Power        Failure   Level  Hunger
a - Ensorcelled Hibernat  Hex/Ice        ###...       10%         2    #......
b - Corona                Hex            ####...      2%          1    None
c - Confuse               Hex            ####....     6%          3    ##.....
d - Tukima's Dance        Hex            ####....     6%          3    ##.....
e - Dazzling Spray        Conj/Hex       ###...       17%         3    ##.....


Dungeon Overview and Level Annotations

Branches:
Dungeon (3/15)

Altars:
Elyvilon


Innate Abilities, Weirdness & Mutations

You are very small and have problems with some larger weapons.
You are too small for most types of armour.
You have supernaturally acute eyesight. (SInv)
You are a herbivore.
You cover ground extremely quickly.
You need consume almost no food.
You have sharp toenails.
Your flesh is cold resistant. (rC+)
Your spells are a little harder to cast, but a little more powerful.


Message History

You hit the orc.
You kill the orc!
The orc priest hits you from afar with a trident.
You hit the kobold but do no damage. The kobold misses you.
The orc priest casts a cantrip, but nothing happens.
You hit the kobold but do no damage. Your kick misses the kobold.
The kobold hits you. The orc priest completely misses you.
You barely miss the kobold. Your kick misses the kobold. The kobold hits you.
You hit the kobold but do no damage. You drain the kobold!
You kill the kobold!
The orc priest misses you. The orc priest misses you.
Items here: )) [ †† a war axe; a dagger; a robe; a kobold corpse; an orc corpse You barely miss the orc priest.
Your kick misses the orc priest.
The orc priest is lightly wounded.
The orc priest invokes the aid of Beogh against you.
Beogh smites you!
Ouch! That really hurt!
You die...

.o. ##. ..
#.### ....
.## ..# ....
##)# ....#
#o.#
.....###@##
#...#)####
##......#
#....##.$..#
##.########.#
###†.# [.
#...## #..
####...# .
#....#..#


You could see an orc priest.

Vanquished Creatures
  An orc wizard (D:3)
  Robin (D:2)
  6 adders
  2 oozes (D:2)
  3 worms
  2 dart slugs
  A leopard gecko (D:2)
  6 orcs (D:3)
  6 bats
  3 giant cockroaches
  9 hobgoblins
  4 jackals
  4 frilled lizards
  16 goblins
  6 kobolds
  8 rats
78 creatures vanquished.

Notes
Turn   | Place    | Note
-------+----------+-------------------------------------------
     0 | D:1      | Kias the Spriggan Enchanter began the quest for the Orb.
     0 | D:1      | Reached XP level 1. HP: 9/9 MP: 5/5
   534 | D:1      | Reached XP level 2. HP: 13/13 MP: 7/7
   541 | D:1      | Learned a level 2 spell: Ensorcelled Hibernation
  1795 | D:2      | Reached XP level 3. HP: 9/16 MP: 1/9
  1809 | D:2      | Learned a level 3 spell: Confuse
  1813 | D:2      | Learned a level 3 spell: Tukima's Dance
  1814 | D:2      | Found a white marble altar of Elyvilon.
  2055 | D:2      | Noticed Robin
  2398 | D:2      | Gained mutation: You have sharp toenails. [potion of mutation]
  2398 | D:2      | Gained mutation: Your flesh is cold resistant. (rC+) [potion of mutation]
  2398 | D:2      | Gained mutation: Your spells are a little harder to cast, but a little more powerful. [potion of mutation]
  2401 | D:2      | Killed Robin
  2401 | D:2      | Reached XP level 4. HP: 6/21 MP: 0/11
  3297 | D:2      | Reached skill level 5 in Hexes
  4736 | D:3      | Reached skill level 5 in Spellcasting
  4953 | D:3      | Reached XP level 5. HP: 17/24 MP: 8/13
  5062 | D:3      | Learned a level 3 spell: Dazzling Spray
  5222 | D:3      | Killed from afar by an orc priest

Vault maps used:
D:1:      dpeg_arrival_signposts
D:2:      old_standard_altar, chequers_big_river, uniq_robin
D:3:      okawaru_ov_weapons_minmay, nicolae_tso_swordbearing_angel

Skill      XL: |  1  2  3  4 |
---------------+-------------+-----
Spellcasting   | 3 4 5 |  5.4
Hexes          | 4 5 |  5.7
Short Blades   | |  1.1
Dodging        | |  3.0
Stealth        | |  4.4

Action                   |  1- 3 |  4- 6 || total
-------------------------+-------+-------++-------
Melee: Dagger            |   131 |   114 ||   245
       Kick              |       |    15 ||    15
 Cast: Ensorcelled Hiber |     9 |    16 ||    25
       Confuse           |       |     7 ||     7
  Use: Scroll            |     3 |     5 ||     8
       Potion            |     2 |       ||     2
 Stab: Sleeping          |    11 |    11 ||    22
       Confused          |       |     1 ||     1
  Eat: Fruit             |       |     4 ||     4
Armor: Robe              |    11 |     4 ||    15
Dodge: Dodged            |    94 |    84 ||   178
